 Dungeon Crawl Stone Soup version 0.31-a0-1074-g0b22e4e0f1 (webtiles) character file.

Game seed: 7911622835093157499

15922 jasper the Mimic (level 11, -2/112 HPs)
             Began as a Demigod Shapeshifter on Nov 28, 2023.
             Slain by a polar bear simulacrum (9 damage)
             ... on level 1 of the Lair of Beasts on Nov 29, 2023.
             The game lasted 00:22:20 (12862 turns).

jasper the Mimic (Demigod Shapeshifter)            Turns: 12862, Time: 00:22:20

Health: -2/112     AC:  9    Str: 20    XL:     11   Next: 74%
Magic:  14/14      EV: 21    Int: 12    God:
Gold:   291        SH:  5    Dex: 25    Spells: 10/10 levels left

rFire   . .          .
                       - Unarmed
rCold   + . .        (shield currently unavailable)
rNeg    . . .        p - melded +1 ring mail
rPois   .            o - melded +0 helmet
rElec   .            (cloak currently unavailable)
rCorr   .            (gloves currently unavailable)
SInv    .            m - melded +0 pair of boots
Will    +....        e - amulet of reflection
Stlth   ++           k - ring of protection from cold
HPRegen 0.38/turn    H - +5 ring of evasion
MPRegen 0.14/turn

%: reflection
@: snake-form
A: constrict, boosted hp, large, high MP 1, forlorn, divine attributes
a: Begin Untransformation


You were on level 1 of the Lair of Beasts.
You were an enormous anaconda.
You visited 2 branches of the dungeon, and saw 12 of its levels.

You collected 711 gold pieces.
You spent 420 gold pieces at shops.

Inventory:

Missiles
 t - 2 silver javelins
 z - 73 stones (quivered)
 G - 2 curare-tipped darts
 I - 2 throwing nets
Armour
 a - a +0 animal skin
 b - a +0 scale mail of fire resistance
 f - a +0 leather armour
 m - a +0 pair of boots (melded)
 o - a +0 helmet (melded)
 p - a +1 ring mail (melded)
Jewellery
 e - an amulet of reflection (around neck)
 k - a ring of protection from cold (left hand)
 r - a ring of see invisible
 A - a ring of willpower
 D - a ring of magical power
 F - a ring of positive energy
 H - a +5 ring of evasion (right hand)
Talismans
 c - a beast talisman
 d - a flux talisman
 J - a serpent talisman (active)
Wands
 v - a wand of charming (3)
 w - a wand of flame (6)
 y - a wand of polymorph (9)
Scrolls
 i - a scroll of enchant weapon
 s - 3 scrolls of blinking
 B - 3 scrolls of fog
 L - a scroll of teleportation
 M - a scroll of noise {unknown}
Potions
 g - 2 potions of haste
 h - 2 potions of resistance
 j - a potion of magic
 l - 2 potions of lignification
 n - 3 potions of degeneration
 q - a potion of cancellation
 u - a potion of ambrosia
 x - 2 potions of mutation {unknown}
 C - 2 potions of might {unknown}
 E - 2 potions of curing
 K - 2 potions of attraction {unknown}


   Skills:
 + Level 8.0 Fighting
 + Level 8.2 Dodging
 + Level 8.6 Unarmed Combat
 * Level 11.2 Shapeshifting


You had 10 spell levels left.
You didn't know any spells.
Your spell library contained the following spells:

 Spells                   Type           Power      Damage    Failure   Level
 Apportation              Tloc           0%         N/A       32%         1
 Necrotise                Necr           0%         1d4       32%         1
 Slow                     Hex            0%         N/A       32%         1
 Summon Small Mammal      Summ           0%         N/A       32%         1
 Cigotuvi's Dreadful Rot  Necr/Pois/Air  0%         N/A       45%         2
 Confusing Touch          Hex            0%         N/A       69%         3
 Dazzling Flash           Conj/Hex       0%         N/A       69%         3
 Gell's Gravitas          Tloc           0%         N/A       69%         3
 Ignite Poison            Fire/Tmut/Pois 0%         N/A       69%         3
 Sigil of Binding         Hex            0%         N/A       69%         3
 Summon Guardian Golem    Hex/Summ       0%         N/A       69%         3
 Teleport Other           Tloc           0%         N/A       69%         3
 Vampiric Draining        Necr           0%         2d6       69%         3
 Volatile Blastmotes      Fire/Tloc      0%         2d10      69%         3
 Freezing Cloud           Conj/Ice/Air   0%         6-21      100%        5
 Summon Forest            Summ/Tloc      0%         N/A       100%        5
 Dispersal                Tloc           0%         N/A       100%        6
 Eringya's Noxious Bog    Tmut/Pois      0%         4d6       100%        6
 Simulacrum               Ice/Necr       0%         N/A       100%        6
 Starburst                Conj/Fire      0%         6d3       100%        6
 Orb of Destruction       Conj           0%         9d5       100%        7
 Ozocubu's Refrigeration  Ice            0%         4d7       100%        7
 Spellforged Servitor     Conj/Summ      0%         N/A       100%        7
 Summon Hydra             Summ           0%         N/A       100%        7
 Maxwell's Capacitive Co  Air            0%         ∞         100%        8
 Polar Vortex             Ice            0%         N/A       100%        9


Dungeon Overview and Level Annotations

Branches:
Dungeon (11/15)            Temple (0/1) D:4            Lair (1/5) D:10
    Orc: D:9-12

Shops:
D:6 :((=(

Annotations:
D:3 3 runed translucent doors, jvmiller's ghost, amateur DrCA
D:10 Urug
D:11 exclusion: boulder beetle


Innate Abilities, Weirdness & Mutations

You are an enormous anaconda.
You have a powerful constriction melee attack.
Your maximum health is increased.
Your armour is entirely melded.
You are incapable of wielding weapons or throwing items.
You have an increased reservoir of magic. (+10% MP)
You shall have no god before yourself.
Your divine heritage dramatically boosts your attributes as you level up.


Message History

You body-slam the white imp!!
You kill the white imp!
You feel sick. The rime drake breathes ice at you.
The icy flash freeze misses you.
You body-slam the rime drake!!
You grab the rime drake.
The rime drake is severely wounded.
You constrict the rime drake.
You feel sick. You block the rime drake's attack.
You take 1 damage, and have 50/112 hp.
You hit the rime drake but do no damage.
The rime drake is severely wounded.
You constrict the rime drake.
You feel sick. You block the rime drake's attack.
The two-headed ogre simulacrum hits you but does no damage.
The two-headed ogre simulacrum barely misses you.
You take 1 damage, and have 49/112 hp.
You hit the rime drake.
You kill the rime drake!
You feel sick.
You are no longer poisoned.
You hit the two-headed ogre simulacrum but do no damage.
You grab the two-headed ogre simulacrum.
You constrict the two-headed ogre simulacrum.
The two-headed ogre simulacrum hits you!
The two-headed ogre simulacrum freezes you!
You resist.
* * * LOW HITPOINT WARNING * * *
The two-headed ogre simulacrum hits you!
* * * LOW HITPOINT WARNING * * *
The two-headed ogre simulacrum freezes you!
You resist.
* * * LOW HITPOINT WARNING * * *
You take 41 damage, and have 8/112 hp.
MASSIVE DAMAGE!!
You hit the two-headed ogre simulacrum.
The two-headed ogre simulacrum is moderately damaged.
You constrict the two-headed ogre simulacrum.
The polar bear simulacrum closely misses you. x2
The polar bear simulacrum claws you.
* * * LOW HITPOINT WARNING * * *
The polar bear simulacrum freezes you! You resist.
You die...

## #..~~≈.... P
#...~≈≈~.. ##
#..#~~~~.. .#
##...~~~... ##
P..### #....~Z≈~..
.####..#.######.†#
.................#
...............ZZ#
.##.#...........S#
#...#............#
#...#............##
....#.............#
#................##
+...#.............#
....#............##
....#..|......>..##
....#...##+#+#....#


You could see a polar bear simulacrum and a two-headed ogre simulacrum.

Vanquished Creatures
  3 two-headed ogres
  An ugly thing (D:8)
  A manticore (D:11)
  4 elephants (Lair:1)
  2 black mambas (Lair:1)
  2 komodo dragons (Lair:1)
  2 kobold demonologists
  An unseen horror (D:11)
  2 rime drakes (Lair:1)
  2 trolls (D:10)
  5 hornets
  5 blink frogs (Lair:1)
  A water elemental (D:11)
  A vampire (D:11)
  2 wraiths
  4 yaks
  A shadow (D:11)
  A basilisk (Lair:1)
  Grum (D:8)
  A steam dragon (D:8)
  3 acid dragons
  6 water moccasins
  3 orc warriors (D:8)
  A sky beast (D:6)
  3 black bears
  An ice beast (D:7)
  2 ogres
  8 wolves
  3 centaurs
  A phantom (D:5)
  4 kobold brigands
  6 bullfrogs
  2 gnoll sergeants
  Blork the orc (D:4)
  2 scorpions (D:7)
  10 wights
  4 howler monkeys
  4 jellies (D:5)
  5 hounds
  5 orc priests
  A sleepcap (D:7)
  4 iguanas
  9 orc wizards
  10 gnolls
  8 adders
  A shadow imp (D:7)
  3 white imps
  An ufetubus (D:5)
  A worm (D:2)
  2 dart slugs
  42 orcs
  7 endoplasms
  A giant cockroach (D:4)
  9 goblins
  5 hobgoblins
  12 jackals
  16 kobolds
  9 quokkas
  5 ball pythons
  5 bats
  2 frilled lizards
  6 rats
275 creatures vanquished.

Vanquished Creatures (collateral kills)
  An orc wizard (D:8)
  2 gnolls (D:6)
  A shadow imp (D:8)
  3 orcs (D:8)
7 creatures vanquished.

Vanquished Creatures (others)
  An ogre (D:7)
  A hound (D:7)
2 creatures vanquished.

Grand Total: 284 creatures vanquished

Notes
Turn   | Place    | Note
-------+----------+-------------------------------------------
     0 | D:1      | jasper the Demigod Shapeshifter began the quest for the
                  | Orb.
     0 | D:1      | Reached XP level 1. HP: 15/15 MP: 3/3
    51 | D:1      | Reached skill level 1 in Fighting
   162 | D:1      | You fall into a shaft and drop 1 floor!
   173 | D:2      | Reached XP level 2. HP: 18/23 MP: 4/4
   634 | D:1      | Reached XP level 3. HP: 26/28 MP: 5/5
   927 | D:2      | Reached skill level 3 in Shapeshifting
  1792 | D:3      | Reached XP level 4. HP: 36/36 MP: 6/6
  1799 | D:3      | Found a runed translucent gate.
  1799 | D:3      | Found a runed translucent gate.
  1799 | D:3      | Found a runed translucent gate.
  1800 | D:3      | Noticed jvmiller's ghost (amateur DrCA)
  2654 | D:4      | Reached XP level 5. HP: 41/41 MP: 7/7
  2701 | D:4      | Noticed a black bear
  2716 | D:4      | Killed a black bear
  2717 | D:4      | Reached skill level 4 in Shapeshifting
  2723 | D:4      | Noticed Blork the orc
  2750 | D:4      | Killed Blork the orc
  2751 | D:4      | Reached XP level 6. HP: 32/50 MP: 8/8
  3037 | D:4      | Found a staircase to the Ecumenical Temple.
  3157 | D:5      | Entered Level 5 of the Dungeon
  3408 | D:5      | Reached XP level 7. HP: 27/57 MP: 9/9
  3793 | D:5      | Reached skill level 5 in Shapeshifting
  3838 | D:5      | HP: 1/57 [iguana (10)]
  4373 | D:6      | Found Plog's Jewellery Shop.
  4430 | D:6      | Found Ved Osk's Weapon Boutique.
  4628 | D:5      | Reached skill level 5 in Unarmed Combat
  4628 | D:5      | Reached XP level 8. HP: 44/66 MP: 10/10
  4806 | D:6      | Found Tatuy's Antique Weapon Shoppe.
  4909 | D:6      | Reached skill level 6 in Shapeshifting
  5216 | D:6      | Found Pom Wuec's Antique Weapon Emporium.
  5406 | D:6      | Found Measer's Book Boutique.
  6099 | D:7      | Reached skill level 5 in Dodging
  6593 | D:8      | Reached skill level 5 in Fighting
  6593 | D:8      | Reached XP level 9. HP: 52/74 MP: 11/11
  6746 | D:8      | Reached skill level 7 in Shapeshifting
  7174 | D:8      | Noticed Grum
  7257 | D:9      | Noticed a two-headed ogre
  7583 | D:8      | Killed Grum
  7694 | D:8      | Reached skill level 8 in Shapeshifting
  7839 | D:8      | Noticed a brown ugly thing
  8027 | D:9      | Killed a two-headed ogre
  8028 | D:9      | Reached XP level 10. HP: 81/83 MP: 13/13
  8109 | D:9      | Paralysed by a hornet for 2 turns
  8269 | D:9      | Paralysed by a hornet for 3 turns
  8277 | D:9      | Noticed a rust devil
  8687 | D:9      | Noticed a two-headed ogre
  8696 | D:9      | Killed a two-headed ogre
  8697 | D:9      | Reached skill level 9 in Shapeshifting
  9080 | D:10     | Entered Level 10 of the Dungeon
  9082 | D:10     | Found a staircase to the Lair.
  9502 | D:10     | Noticed a two-headed ogre
  9514 | D:10     | Killed a two-headed ogre
  9755 | D:6      | Bought a serpent talisman for 420 gold pieces
  9980 | D:8      | Killed a green ugly thing
 10637 | D:10     | Noticed Urug
 10995 | D:11     | Reached skill level 10 in Shapeshifting
 11073 | D:11     | Reached XP level 11. HP: 92/92 MP: 14/14
 11510 | D:11     | Noticed a boulder beetle
 12033 | Lair:1   | Entered Level 1 of the Lair of Beasts
 12401 | Lair:1   | Reached skill level 11 in Shapeshifting
 12862 | Lair:1   | Slain by a polar bear simulacrum

Illustrated notes

Levels and vault maps discovered:
D:1:      sevenhm_arrival_forest_fort_small_3, layout_basic
D:2:      layout_basic, kennysheep_boxes
D:3:      layout_rooms, gammafunk_ghost_necromancy,
          corexii_item_surrounded_by_moat
D:4:      layout_basic, marbit_many_paths, minmay_temple_entry_statues_pillars,
          uniq_blork_the_orc
D:5:      cheibrodos_barr_body, layout_cave_pools
D:6:      layout_rooms, tso_oasis_becter, nicolae_uskayaw_dance_studio,
          nicolae_overflow_hidden_temple, serial_rivers,
          chequers_serial_rivers_micro_c, chequers_serial_rivers_room_a,
          chequers_serial_rivers_small_3, chequers_serial_rivers_large_a,
          chequers_serial_rivers_marsh, chequers_serial_rivers_micro_e,
          serial_shops, kennysheep_mini_moat, nicolae_shop_behind_doors, shop,
          kennysheep_little_box, shop_statue
D:7:      layout_rooms, minmay_puff
D:8:      minmay_s_stair_smasher, layout_cave_pools, grunt_ministairs_11,
          uniq_grum
D:9:      layout_rooms, nicolae_hepliaklqana_ecumenical_no_more
D:10:     layout_basic, kennysheep_mini, gammafunk_temple_overflow_forgotten,
          lair_entry_dummy, david_orc_5, uniq_urug
D:11:     layout_small_grid, minmay_crystal_water, nicolae_wwwww,
          nemelex_lonely_heart_becter
Lair:1:   dreamdust_isle_of_ice, layout_chaotic_city,
          nicolae_quartered_pool_little

Skill      XL: |  1  2  3  4  5  6  7  8  9 10 11 |
---------------+----------------------------------+-----
Fighting       | 1 2 3 4 5 6 7 8 |  8.0
Dodging        | 2 3 4 5 6 7 8 |  8.2
Unarmed Combat | 3 4 5 7 8 |  8.6
Shapeshifting  | 3 4 5 6 8 10 11 | 11.2

Action                     |  1- 3 |  4- 6 |  7- 9 | 10-12 || total
---------------------------+-------+-------+-------+-------++-------
  Melee: Unarmed           |   155 |   175 |   460 |   375 ||  1165
         Punch             |     6 |     5 |    13 |       ||    24
         Constrict         |       |       |       |    30 ||    30
  Evoke: Wand              |       |       |    21 |     5 ||    26
    Use: Scroll            |       |     6 |    10 |     3 ||    19
         Potion            |       |     4 |     3 |     6 ||    13
 Armour: Animal skin       |     5 |       |       |       ||     5
         Leather armour    |    96 |    18 |       |       ||   114
         Ring mail         |       |    87 |   267 |   106 ||   460
         Skin              |       |    17 |       |    89 ||   106
  Dodge: Dodged            |   137 |    94 |   283 |   257 ||   771
  Block: Other             |       |    27 |    87 |    68 ||   182
         Reflection        |       |     1 |     5 |     2 ||     8
   Form: Flux              |       |       |     1 |       ||     1
         Anaconda          |       |       |       |     1 ||     1

Table legend: (Time is in decaauts)
 A = Elapsed time spent in this place.
 B = Non-inter-level travel time spent in this place.
 C = Inter-level travel time spent in this place.
 D = Time resting spent in this place.
 E = Time spent auto-exploring this place.
 F = Levels seen in this place.
 G = Mean time per level.
                   A        B        C        D        E       F      G
               +--------+--------+--------+--------+--------+-----+--------+
         Total |  12759 |  12184 |    575 |   1289 |   8379 |  12 | 1063.2 |
       Dungeon |  11948 |  11373 |    575 |   1289 |   7785 |  11 | 1086.2 |
          Lair |    810 |    810 |      0 |      0 |    594 |   1 |  810.0 |
               +--------+--------+--------+--------+--------+-----+--------+

Top non-repeatable levels by time:
     D:8: 1689 daAuts
     D:6: 1617 daAuts
     D:5: 1230 daAuts
    D:11: 1178 daAuts
     D:9: 1151 daAuts
     D:7: 998 daAuts
     D:4: 968 daAuts
    D:10: 967 daAuts
     D:2: 820 daAuts
  Lair:1: 810 daAuts
     D:1: 678 daAuts
     D:3: 649 daAuts
